 Dungeon Crawl Stone Soup version 0.29.0-11-gd7f09526c8 (webtiles) character file.

Game seed: 3938027409674510264

1134 KamiKatze the Chopper (level 8, -3/46 HPs)
             Began as a Gargoyle Fighter on Sept 5, 2022.
             Was an Initiate of Trog.
             Slain by a kobold brigand
             ... wielding a +0 club
              (8 damage)
             ... on level 6 of the Dungeon.
             The game lasted 00:17:57 (6110 turns).

KamiKatze the Chopper (Gargoyle Fighter)            Turns: 6110, Time: 00:17:57

Health: -3/46      AC: 18    Str: 23    XL:     8   Next: 36%
Magic:  8/8        EV:  9    Int:  8    God:    Trog [......]
Gold:   273        SH:  4    Dex:  9    Spells: 7/7 levels left

rFire   . . .      SeeInvis .   a - +1 war axe
rCold   . . .      Faith    .   c - +0 buckler
rNeg    + . .      Spirit   .   b - +0 scale mail
rPois   ∞          Reflect  .   y - +0 helmet
rElec   +          Harm     .   F - +1 cloak
rCorr   .          Rampage  .   (no gloves)
Will    .....                   I - +2 pair of boots {Fly}
Stlth   ..........              (no amulet)
HPRegen 0.15/turn               l - ring of flight
MPRegen 0.11/turn               (no ring)

@: mighty, flying
A: sickness immunity, AC +5, negative energy resistance 1, electricity
resistance, torment resistance 1, petrification resistance
a: Renounce Religion


You were on level 6 of the Dungeon.
You worshipped Trog.
Trog was noncommittal.
You visited 2 branches of the dungeon, and saw 7 of its levels.

You collected 273 gold pieces.

Inventory:

Hand Weapons
 a - a +1 war axe (weapon)
 h - a +0 trident
 i - a +0 mace
Missiles
 g - 52 stones
 A - 6 poisoned darts (quivered)
Armour
 b - a +0 scale mail (worn)
 c - a +0 buckler (worn)
 e - a +0 plate armour
 r - an orb of light
 y - a +0 helmet (worn)
 z - a +0 plate armour
 F - a +1 cloak (worn)
 I - a +2 pair of boots of flying (worn)
Jewellery
 k - a ring of ice
 l - a ring of flight (left hand)
Wands
 B - a wand of flame (13)
Scrolls
 f - 2 scrolls of enchant weapon
 j - 2 scrolls of enchant armour
 n - a scroll of torment {unknown}
 q - a scroll of vulnerability {unknown}
 t - a scroll of summoning {unknown}
 v - a scroll of fear
 x - a scroll of poison {unknown}
 E - a scroll of fog {unknown}
 H - 3 scrolls of immolation {unknown}
 J - a scroll of amnesia {unknown}
Potions
 d - a potion of might
 m - a potion of mutation {unknown}
 o - a potion of ambrosia
 p - 2 potions of heal wounds
 s - 2 potions of curing
 u - a potion of brilliance {unknown}
 w - a potion of haste
 C - a potion of degeneration {unknown}
 D - 2 potions of lignification {unknown}
 G - a potion of flight


   Skills:
 - Level 3.2 Fighting
 * Level 7.8 Axes
 - Level 2.0 Throwing
 - Level 3.2 Armour
 - Level 5.0 Shields
 - Level 2.0 Evocations


You had 7 spell levels left.
You didn't know any spells.
Your spell library contained the following spells:

 Spells                   Type           Power      Damage    Failure   Level
 Sting                    Tmut/Pois      0%         1d3       80%         1
 Poisonous Vapours        Pois/Air       0%         N/A       91%         2
 Call Canine Familiar     Summ           0%         N/A       99%         3
 Portal Projectile        Hex/Tloc       0%         N/A       99%         3
 Leda's Liquefaction      Hex/Erth       0%         N/A       100%        4
 Olgreb's Toxic Radiance  Pois           0%         N/A       100%        4


Dungeon Overview and Level Annotations

Branches:
Dungeon (6/15)             Temple (1/1) D:5

Altars:
Cheibriados
Dithmenos
Elyvilon
Fedhas
Hepliaklqana
Kikubaaqudgha
Makhleb
Okawaru
Qazlal
Sif Muna
Trog
Uskayaw
Vehumet
Wu Jian
Xom
Yredelemnul
Zin

Shops:
D:2 [   D:4 (


Innate Abilities, Weirdness & Mutations

You are immune to sickness and miasma.
Your stone body is resilient. (AC +5)
You are immune to poison.
You resist negative energy. (rN+)
You are resistant to electric shocks. (rElec)
You are resistant to unholy torment.
You are immune to petrification.


Message History

The troll claws you. The kobold hits you but does no damage.
Unknown command.
You slice the troll!!
The troll is severely wounded.
You slash the kobold!
You kill the kobold!
Trog accepts your kill.
You slash the kobold!
You kill the kobold!
Trog accepts your kill.
The kobold throws a stone.
You block the stone. The troll bites you!
* * * LOW HITPOINT WARNING * * *
The troll claws you.
* * * LOW HITPOINT WARNING * * *
You block the troll's attack.
You slash the troll!
You kill the troll!
Trog accepts your kill.
You slash the kobold brigand!
The kobold brigand hits you but does no damage.
The kobold hits you but does no damage. You block the kobold brigand's attack.
The kobold hits you but does no damage.
You slash the kobold!
You kill the kobold!
Trog accepts your kill.
You slash the kobold brigand! You slash the kobold!
You kill the kobold!
Trog accepts your kill.
The kobold brigand hits you but does no damage.
You closely miss the kobold brigand.
The kobold brigand is severely wounded.
You block the kobold brigand's attack.
You slash the kobold brigand!
The kobold brigand is almost dead.
The kobold brigand hits you with a +0 club.
* * * LOW HITPOINT WARNING * * *
You barely miss the kobold brigand.
The kobold brigand is almost dead.
The kobold brigand hits you with a +0 club!
You die...

..........
........# .
.......#.
#...(...
####.....#
..##........###..
......))K).......
...!....)@..#
........)..##
...........#
...#...$#..... ..
#...####..!# .
#.... .### ......
.. ...... ...
..... ..


You could see a kobold brigand.

Vanquished Creatures
  A troll (D:6)
  A black bear (D:5)
  Blork the orc (D:5)
  A gnoll sergeant (D:4)
  3 scorpions
  3 hounds (D:5)
  A jelly (D:5)
  2 orc priests (D:4)
  Natasha (thrice) (D:4)
  An iguana (D:5)
  4 gnolls (D:4)
  11 adders
  4 worms
  2 dart slugs (D:5)
  4 orcs
  A bat (D:2)
  8 endoplasms
  6 giant cockroaches
  9 goblins
  7 hobgoblins
  2 jackals (D:3)
  2 quokkas (D:2)
  3 ball pythons
  3 frilled lizards
  15 kobolds
  4 rats
102 creatures vanquished.

Vanquished Creatures (others)
  A fungus (D:3)
  16 plants (D:3)
17 creatures vanquished.

Grand Total: 119 creatures vanquished

Notes
Turn   | Place    | Note
-------+----------+-------------------------------------------
     0 | D:1      | KamiKatze the Gargoyle Fighter began the quest for the Orb.
     0 | D:1      | Reached XP level 1. HP: 14/14 MP: 1/1
    22 | D:1      | Reached skill level 2 in Axes
   260 | D:1      | Reached XP level 2. HP: 19/19 MP: 2/2
  1087 | D:2      | Reached XP level 3. HP: 18/23 MP: 3/3
  1291 | D:2      | Reached skill level 3 in Axes
  1609 | D:2      | Found Tomn's Antique Armour Boutique.
  1957 | D:3      | Reached XP level 4. HP: 25/28 MP: 4/4
  2297 | D:3      | Found a faded altar of an unknown god.
  2306 | D:3      | Noticed a scorpion
  2322 | D:3      | Killed a scorpion
  2323 | D:3      | Reached skill level 4 in Axes
  2323 | D:3      | Reached XP level 5. HP: 32/32 MP: 5/5
  2870 | D:4      | Noticed Natasha
  2875 | D:4      | Killed Natasha
  2895 | D:4      | Noticed Natasha
  2906 | D:4      | Killed Natasha
  3153 | D:4      | Reached XP level 6. HP: 37/37 MP: 6/6
  3621 | D:4      | Reached skill level 5 in Shields
  3749 | D:4      | Found Vited's Antique Weapon Boutique.
  3803 | D:4      | Reached skill level 5 in Axes
  3803 | D:4      | Reached skill level 1 in Throwing
  4029 | D:4      | Noticed Natasha
  4035 | D:4      | Killed Natasha
  4317 | D:4      | Reached XP level 7. HP: 38/41 MP: 7/7
  4463 | D:4      | Found an iron altar of Okawaru.
  4621 | D:4      | Reached skill level 1 in Evocations
  4691 | D:5      | Entered Level 5 of the Dungeon
  4743 | D:5      | Noticed Blork the orc
  4898 | D:5      | Found a snail-covered altar of Cheibriados.
  5021 | D:5      | Identified the +4 ring mail of Defence {-Tele rN+++ Int-2
                  | Stlth+}
  5027 | D:5      | Found a staircase to the Ecumenical Temple.
  5038 | Temple   | Entered the Ecumenical Temple
  5221 | Temple   | Became a worshipper of Trog the Wrathful
  5400 | D:5      | Reached skill level 6 in Axes
  5547 | D:5      | Killed Blork the orc
  5753 | D:5      | Reached XP level 8. HP: 44/46 MP: 8/8
  6035 | D:5      | Reached skill level 7 in Axes
  6095 | D:6      | Noticed a troll
  6106 | D:6      | Killed a troll
  6110 | D:6      | Slain by a kobold brigand

Illustrated notes

Levels and vault maps discovered:
D:1:      dpeg_arrival_morbid_curiosity, layout_loops_ring,
          minmay_worlds_worst_comb
D:2:      layout_loops_ring, serial_shops, shop_fountains, nrook_mini_backslash
D:3:      layout_basic, dreamdust_ecumenical_altar_grove, serial_bayou_lagoon_a,
          minmay_distorted
D:4:      layout_basic, lemuel_round_altar, serial_shops,
          nicolae_shop_statue_plus, glass_columns_c, grunt_ministairs_2,
          lightli_minifort, uniq_natasha
D:5:      layout_cave_pods, mainiacjoe_overflow_surrounded_room,
          minmay_temple_entry_trees, kennysheep_another_room,
          nicolae_figureground_sparkle, uniq_blork_the_orc
D:6:      black_bear_nest_1, layout_cave_pools, marbit_many_paths,
          serial_column_ruins, column_ruins_square_large,
          column_ruins_open_tiny, column_ruins_open_tiny,
          column_ruins_columns_corner, column_ruins_open_tiny,
          column_ruins_columns_straight, serial_bayou_pond_a, uniq_duvessa
Temple:   bh_familiar_temple

Skill      XL: |  1  2  3  4  5  6  7  8 |
---------------+-------------------------+-----
Axes           | 2 3 4 5 6 7 |  7.8
Shields        | 4 5 |  5.0
Throwing       | 1 2 |  2.0
Evocations     | 2 |  2.0
Fighting       | |  3.2
Armour         | |  3.2

Action                   |  1- 3 |  4- 6 |  7- 9 || total
-------------------------+-------+-------+-------++-------
Melee: War axe           |    94 |   158 |    80 ||   332
Throw: Dart              |       |     1 |       ||     1
  Use: Potion            |       |     1 |     3 ||     4
       Scroll            |       |     5 |     4 ||     9
Armor: Scale mail        |    36 |    93 |    67 ||   196
Dodge: Dodged            |    54 |    73 |    39 ||   166
Block: Buckler           |    21 |    30 |    23 ||    74
